 Dungeon Crawl Stone Soup version 0.20-a0-454-g2b43fbb (webtiles) character file.

564 terra52 the Slinger (level 7, -8/44 HPs)
             Began as a Halfling Hunter on Jan 8, 2017.
             Mangled by Duvessa
             ... wielding a +0 short sword
              (9 damage)
             ... on level 5 of the Dungeon.
             The game lasted 00:13:40 (4635 turns).

terra52 the Slinger (Halfling Hunter)               Turns: 4635, Time: 00:13:41

Health: -8/44      AC:  5    Str: 20    XL:     7   Next: 58%
Magic:  7/7        EV: 15    Int:  9    God:
Gold:   195        SH:  0    Dex: 15    Spells: 6/6 levels left

rFire  . . .     SeeInvis .     a - +1 hunting sling
rCold  . . .     Gourm    +     c - +0 leather armour
rNeg   . . .     Faith    .     (shield restricted)
rPois  .         Spirit   .     (no helmet)
rElec  .         Reflect  .     x - +0 cloak
rCorr  .         Harm     .     i - +0 pair of gloves
MR     .....                    (no boots)
Stlth  +.........               A - amulet of the gourmand
                                (no ring)
                                (no ring)

@: mighty, glowing
A: mutation resistance 1
a: no special abilities


You were on level 5 of the Dungeon.
You were not hungry.

You visited 1 branch of the dungeon, and saw 5 of its levels.

You collected 195 gold pieces.

Inventory:

Hand Weapons
 a - a +1 hunting sling (weapon)
 b - a +0 short sword
 v - a +2 dagger of venom
Missiles
 d - 18 sling bullets (quivered)
 j - 180 stones
 q - 33 poisoned needles
Armour
 c - a +0 leather armour (worn)
 i - a +0 pair of gloves (worn)
 t - a cursed +0 buckler
 x - a +0 cloak (worn)
Jewellery
 y - a +4 amulet of reflection {unknown}
 A - an amulet of the gourmand (around neck)
Wands
 l - a wand of polymorph (20/24)
Scrolls
 h - 3 scrolls of remove curse
 k - 2 scrolls of fear
 n - 2 scrolls of identify {unknown}
 o - a scroll of magic mapping
 p - a scroll of enchant weapon {unknown}
 s - a scroll of noise {unknown}
Potions
 e - a potion of lignification {unknown}
 m - a potion of cancellation {unknown}
 r - a potion of beneficial mutation {unknown}
 u - a potion of cure mutation {unknown}
 z - a potion of might
 B - a potion of heal wounds {unknown}
Comestibles
 f - 2 bread rations
 g - 3 meat rations
 w - a beef jerky


   Skills:
 - Level 1.7 Fighting
 + Level 11.7 Slings
 - Level 2.2 Dodging
 + Level 1.8 Stealth
 * Level 1.2 Shields


You had 6 spell levels left.
You didn't know any spells.

Dungeon Overview and Level Annotations

Branches:
Dungeon (5/15)
 Temple: D:4-7

Altars:
Ashenzari
Qazlal

Shops:
D:4 (

Annotations:
D:2 Sigmund
D:4 Kurtz's ghost, amateur DsCK
D:5 Duvessa


Innate Abilities, Weirdness & Mutations

You are small and have problems with some larger weapons.
You are somewhat resistant to further mutation.


Message History

Firing (i - inventory. (,) - cycle):
d - 21 sling bullets (quivered)
Press: ? - help, Shift-Dir - straight line, f/p - Duvessa
Aim: Duvessa, wielding a short sword (severely wounded, berserk, fast, unusually strong)
You shoot a sling bullet. The sling bullet hits Duvessa!
Duvessa is almost dead.
Firing (i - inventory. (,) - cycle):
d - 20 sling bullets (quivered)
Press: ? - help, Shift-Dir - straight line, f/p - Duvessa
Aim: Duvessa, wielding a short sword (almost dead, berserk, fast, unusually strong)
You shoot a sling bullet.
The sling bullet hits Duvessa but does no damage.
Duvessa is almost dead.
Duvessa hits you with a short sword!
* * * LOW HITPOINT WARNING * * *
Firing (i - inventory. (,) - cycle):
d - 19 sling bullets (quivered)
Press: ? - help, Shift-Dir - straight line, f/p - Duvessa
Aim: Duvessa, wielding a short sword (almost dead, berserk, fast, unusually strong)
You shoot a sling bullet. The sling bullet hits Duvessa.
Duvessa is almost dead.
Duvessa hits you with a short sword!
You die...

#.#..#
#.##########
###..# #.# .
#..# #.. ..
#..# .. .
#).# ..
....####..###
............+
..######.####
#@#
#..e......
#...(.....
..(..(...#
##.....(((.
#........(
#.).......
#.$.......


You could see Duvessa (berserk).

Vanquished Creatures
  2 centaurs
  An ogre (D:4)
  Dowan (D:5)
  A bullfrog skeleton (D:5)
  An iguana (D:4)
  3 worker ants (D:4)
  5 adders
  A shadow imp (D:5)
  An ooze (D:3)
  4 worms
  2 dart slugs (D:1)
  A leopard gecko (D:4)
  2 orcs
  4 giant cockroaches
  5 goblins
  9 hobgoblins
  10 jackals
  5 kobolds
  4 quokkas
  A ball python (D:2)
  8 bats
  A frilled lizard (D:1)
  A leopard gecko zombie (D:5)
  11 rats
84 creatures vanquished.

Notes
Turn   | Place    | Note
-------+----------+-------------------------------------------
     0 | D:1      | terra52 the Halfling Hunter began the quest for the Orb.
     0 | D:1      | Reached XP level 1. HP: 14/14 MP: 1/1
    67 | D:1      | Reached skill level 6 in Slings
   112 | D:1      | Reached XP level 2. HP: 19/19 MP: 2/2
   656 | D:1      | Reached XP level 3. HP: 24/24 MP: 3/3
   741 | D:1      | Reached skill level 7 in Slings
  1098 | D:2      | Found a shattered altar of Ashenzari.
  1241 | D:2      | Noticed Sigmund
  1378 | D:3      | Reached XP level 4. HP: 29/29 MP: 4/4
  1711 | D:2      | Reached skill level 8 in Slings
  2184 | D:3      | Reached XP level 5. HP: 34/34 MP: 5/5
  2413 | D:4      | Noticed an ogre
  2475 | D:4      | Killed an ogre
  2475 | D:4      | Reached skill level 9 in Slings
  2513 | D:4      | Found a stormy altar of Qazlal.
  2526 | D:4      | Reached XP level 6. HP: 34/39 MP: 6/6
  2807 | D:4      | Found Ylla's Weapon Shop.
  2864 | D:4      | Noticed Kurtz's ghost (amateur DsCK)
  2940 | D:4      | Reached skill level 10 in Slings
  3657 | D:5      | Entered Level 5 of the Dungeon
  3698 | D:5      | Reached XP level 7. HP: 27/44 MP: 7/7
  3708 | D:5      | Reached skill level 11 in Slings
  4611 | D:5      | Noticed Dowan
  4617 | D:5      | Noticed Duvessa
  4623 | D:5      | Killed Dowan
  4623 | D:5      | Reached skill level 1 in Shields
  4634 | D:5      | HP: 1/44 [Duvessa/short sword (16)]
  4635 | D:5      | Mangled by Duvessa

Vault maps used:
D:1:      dpeg_arrival_three_bigger_balls
D:2:      ashenzari_altar_1, uniq_sigmund
D:4:      serial_shops, shop, nicolae_qazlal_general_emergency
D:5:      first_bread, fountainhead, grunt_decor_arrowhead, uniq_duvessa

Skill      XL: |  1  2  3  4  5  6  7 |
---------------+----------------------+-----
Slings         | 6 7 8 9 10 11 | 11.7
Shields        | 1 |  1.2
Fighting       | |  1.7
Dodging        | |  2.2
Stealth        | |  1.8

Action                   |  1- 3 |  4- 6 |  7- 9 || total
-------------------------+-------+-------+-------++-------
 Fire: Hunting sling     |   107 |   162 |    63 ||   332
Evoke: Wand              |       |       |     1 ||     1
  Use: Scroll            |     1 |     9 |       ||    10
       Potion            |       |       |     1 ||     1
  Eat: Chunk             |     1 |     8 |     5 ||    14
Armor: Leather armour    |     4 |    11 |     3 ||    18
Dodge: Dodged            |    15 |    30 |    12 ||    57
